 Dungeon Crawl Stone Soup version 0.27-a0-1200-g94dc6ad4cf (webtiles) character file.

Game seed: 1608845180616238060

71 bande the Covered (level 4, -1/29 HPs)
             Began as a Gargoyle Fighter on May 31, 2021.
             Slain by Sigmund
             ... wielding a +0 scythe
              (8 damage)
             ... on level 2 of the Dungeon.
             The game lasted 00:02:49 (1425 turns).

bande the Covered (Gargoyle Fighter)                Turns: 1425, Time: 00:02:49

Health: -1/29      AC: 13    Str: 20    XL:     4   Next: 24%
Magic:  4/4        EV:  5    Int:  8    God:
Gold:   82         SH:  0    Dex: 10    Spells: 3/3 levels left

rFire    . . .     SeeInvis .   a - +0 war axe
rCold    . . .     Faith    .   c - +0 kite shield
rNeg     + . .     Spirit   .   j - +0 chain mail
rPois    ∞         Reflect  .   (no helmet)
rElec    +         Harm     .   (no cloak)
rCorr    .         Rampage  .   (no gloves)
Will     .....                  (no boots)
Stlth    ..........             (no amulet)
HPRegen  0.09/turn              (no ring)
MPRegen  0.09/turn              (no ring)

@: confused, mighty
A: sickness immunity, AC +3, negative energy resistance 1, electricity
resistance, torment resistance 1, petrification resistance
a: no special abilities


You were on level 2 of the Dungeon.
You visited 1 branch of the dungeon, and saw 2 of its levels.

You collected 82 gold pieces.

Inventory:

Hand Weapons
 a - a +0 war axe (weapon)
 i - a +0 flail
Armour
 c - a +0 kite shield (worn)
 j - a +0 chain mail (worn)
Potions
 e - a potion of degeneration {unknown}
 f - a potion of attraction {unknown}
 g - 2 potions of heal wounds {unknown}
 h - a potion of lignification {unknown}


   Skills:
 + Level 3.7 Fighting
 + Level 2.3 Axes
 + Level 4.1 Armour
 + Level 0.2 Dodging
 + Level 3.8 Shields


You had 3 spell levels left.
You didn't know any spells.
Your spell library was empty.

Dungeon Overview and Level Annotations

Branches:
Dungeon (2/15)

Altars:

Shops:
D:1 ?(

Annotations:
D:2 Sigmund


Innate Abilities, Weirdness & Mutations

You are immune to sickness and miasma.
Your stone body is resilient. (AC +3)
You are immune to poison.
You resist negative energy. (rN+)
You are resistant to electric shocks. (rElec)
You are resistant to unholy torment.
You are immune to petrification.


Message History

The ball python constricts you.
You closely miss the ball python. You block the ball python's attack.
The ball python constricts you.
The ball python bites you but does no damage.
The ball python constricts you.
You slash the ball python!
You kill the ball python!
No target in view!
No target in view!
No target in view!
No target in view!
No target in view!
Sigmund the Dreaded comes into view.
He is wielding a +0 scythe.
Sigmund shouts!
Sigmund moves out of view.
Sigmund is nearby!
A ball python comes into view.
Sigmund gestures at himself while chanting.
Sigmund flickers and vanishes!
Deactivating autopickup; reactivate with Ctrl-A.
You feel very mighty all of a sudden. Something hits you.
Something hits you but does no damage.
You slash something!
Something hits you but does no damage. x2
Your chain mail prevents you from hitting something.
You hear some strange, mumbled words.
Something tries to affect you, but you resist.
You hear some strange, mumbled words.
Something tries to affect you, but you resist.
You barely miss something. Something hits you but does no damage.
You miss something. Something hits you. Something hits you but does no damage.
You barely miss something.
You hear some strange, mumbled words.
You are confused.
Something hits you but does no damage.
You closely miss something. Something hits you!
You bump into the rock wall.
Something hits you!
* * * LOW HITPOINT WARNING * * *
You miss something. Something hits you!
You die...

##### #...######
#........##########
#...##.......##....
##.###.#.###.......
#.# #.#.###.......
#@# #.#.........#.
#{# #.#####.##.##.
#S# #.............
#.. ......####.###
#.. #####. #+# #..#
# #... ##.#


You could see a ball python.

Vanquished Creatures
  Terence (D:2)
  A gnoll (D:1)
  A dart slug (D:2)
  3 ball pythons
  A bat (D:1)
  An endoplasm (D:1)
  2 giant cockroaches (D:1)
  4 goblins (D:1)
  6 hobgoblins (D:1)
  2 kobolds (D:1)
  4 quokkas (D:1)
  2 frilled lizards (D:1)
  5 rats (D:1)
33 creatures vanquished.

Vanquished Creatures (others)
  A bat (D:2)
1 creature vanquished.

Grand Total: 34 creatures vanquished

Notes
Turn   | Place    | Note
-------+----------+-------------------------------------------
     0 | D:1      | bande the Gargoyle Fighter began the quest for the Orb.
     0 | D:1      | Reached XP level 1. HP: 14/14 MP: 1/1
    85 | D:1      | Reached XP level 2. HP: 11/19 MP: 2/2
   323 | D:1      | Found Jyceod's Magic Scroll Emporium.
   375 | D:1      | Reached XP level 3. HP: 17/24 MP: 3/3
   979 | D:1      | Found Teqieko's Antique Weapon Emporium.
  1149 | D:2      | Noticed Terence
  1162 | D:2      | Killed Terence
  1163 | D:2      | Reached skill level 4 in Armour
  1163 | D:2      | Reached XP level 4. HP: 17/29 MP: 4/4
  1412 | D:2      | Noticed Sigmund
  1425 | D:2      | Slain by Sigmund

Illustrated notes

Levels and vault maps discovered:
D:1:      kennysheep_arrival_forest, layout_loops_ring, serial_shops,
          nicolae_shop_statue_plus, shop, minmay_misc_feat_x
D:2:      layout_loops_corners, basic_altar, hellmonk_ecumenical_altar_lost_god,
          serial_shops, shop, uniq_terence, uniq_sigmund

Skill      XL: |  1  2  3 |
---------------+----------+-----
Axes           | 2 |  2.3
Armour         | 4 |  4.1
Fighting       | |  3.7
Dodging        | |  0.2
Shields        | |  3.8

Action                   |  1- 3 |  4- 6 || total
-------------------------+-------+-------++-------
Melee: War axe           |   110 |    12 ||   122
  Use: Scroll            |     1 |       ||     1
       Potion            |       |     1 ||     1
Armor: Scale mail        |    76 |       ||    76
       Chain mail        |       |    11 ||    11
Dodge: Dodged            |    23 |       ||    23
Block: Kite shield       |    50 |     3 ||    53

Table legend: (Time is in decaauts)
 A = Elapsed time spent in this place.
 B = Non-inter-level travel time spent in this place.
 C = Inter-level travel time spent in this place.
 D = Time resting spent in this place.
 E = Time spent auto-exploring this place.
 F = Levels seen in this place.
 G = Mean time per level.
                   A        B        C        D        E       F      G
               +--------+--------+--------+--------+--------+-----+--------+
         Total |   1501 |   1501 |      0 |    235 |    917 |   2 |  750.5 |
       Dungeon |   1501 |   1501 |      0 |    235 |    917 |   2 |  750.5 |
               +--------+--------+--------+--------+--------+-----+--------+

Top non-repeatable levels by time:
     D:1: 1169 daAuts
     D:2: 332 daAuts
